 Dungeon Crawl Stone Soup version 0.27.1-33-g824d729ab1 (webtiles) character file.

Game seed: 9131563855549664716

5658 unlimited1921 the Fighter (level 10, -4/85 (91) HPs)
             Began as a Minotaur Fighter on Dec 31, 2021.
             Was an Initiate of Gozag.
             Slain by an iron imp (12 damage)
             ... summoned by a kobold demonologist
             ... on level 9 of the Dungeon.
             The game lasted 00:55:24 (15717 turns).

unlimited1921 the Fighter (Minotaur Fighter)       Turns: 15717, Time: 00:55:24

HP:   -4/85 (91)    AC:  0    Str: 24      XL:     10   Next: 46%
MP:   9/9           EV: 11    Int:  0 (5)  God:    Gozag
Gold: 1244          SH: 14    Dex: 10      Spells: 9/9 levels left

rFire    + . .     SeeInvis .   t - +0 flail (drain)
rCold    . . .     Faith    .   c - +3 kite shield
rNeg     . . .     Spirit   .   r - +1 ring mail {rF+}
rPois    +         Reflect  .   (helmet restricted)
rElec    .         Harm     .   N - +0 cloak
rCorr    .         Rampage  .   L - +0 pair of gloves
Will     .....                  a - +0 pair of boots
Stlth    +.........             (no amulet)
HPRegen  0.24/turn              z - ring of poison resistance
MPRegen  0.11/turn              y - +4 ring of protection

@: corroded, slowed, lost intelligence, studying Polearms, drained, very slow
A: horns 2, retaliatory headbutt
a: Renounce Religion, Potion Petition, Call Merchant, Bribe Branch


You were on level 9 of the Dungeon.
You worshipped Gozag.
Gozag was most pleased with you.
You visited 1 branch of the dungeon, and saw 9 of its levels.

You collected 1316 gold pieces.
You paid 72 gold pieces to Gozag.

Inventory:

Hand Weapons
 e - a +0 short sword
 j - a +1 whip of draining
 s - a +3 dagger of venom
 t - a +0 flail of draining (weapon)
 u - a +1 whip of electrocution
 x - a +0 falchion of holy wrath
 A - a +0 hand crossbow
 B - a +3 trident
 G - a +3 war axe of freezing
 K - a +0 flail of holy wrath
Missiles
 o - 69 bolts
 q - 38 poisoned darts
 v - 15 boomerangs
 I - a curare-tipped dart
Armour
 a - a +0 pair of boots (worn)
 c - a +3 kite shield (worn)
 k - a scarf of invisibility
 p - a +0 plate armour
 r - a +1 ring mail of fire resistance (worn)
 H - a +6 plate armour of ponderousness
 J - a +0 plate armour
 L - a +0 pair of gloves (worn)
 N - a +0 cloak (worn)
Jewellery
 i - a ring of flight
 y - a +4 ring of protection (right hand)
 z - a ring of poison resistance (left hand)
 D - a ring of resist corrosion
Wands
 E - a wand of digging (1) (quivered)
Scrolls
 w - 3 scrolls of teleportation
 C - 4 scrolls of amnesia
 M - a scroll of magic mapping
Potions
 b - a potion of lignification
 d - a potion of might
 g - 2 potions of brilliance
 h - a potion of attraction {unknown}
 m - 2 potions of curing {unknown}
 n - 3 potions of flight
 F - a potion of magic


   Skills:
 * Level 9.6 Fighting
 + Level 5.6(8.2) Axes
 + Level 9.3(10.0) Maces & Flails
 * Level 0.5 Crossbows
 + Level 2.5 Throwing
 * Level 7.3 Armour
 * Level 5.7 Dodging
 + Level 1.0 Stealth
 - Level 8.5 Shields
 + Level 0.6 Evocations


You had 9 spell levels left.
You didn't know any spells.
Your spell library contained the following spells:

 Spells                   Type           Power      Damage    Failure   Level
 Slow                     Hex            0%         N/A       98%         2
 Confusing Touch          Hex            0%         N/A       100%        3
 Dazzling Flash           Conj/Hex       0%         N/A       100%        3
 Ignite Poison            Fire/Tmut/Pois 0%         N/A       100%        3
 Mephitic Cloud           Conj/Pois/Air  0%         N/A       100%        3
 Agony                    Necr           0%         N/A       100%        5
 Bolt of Magma            Conj/Fire/Erth 0%         4d4       100%        5
 Silence                  Hex/Air        0%         N/A       100%        5
 Yara's Violent Unravell  Hex/Tmut       0%         3d3       100%        5


Dungeon Overview and Level Annotations

Branches:
Dungeon (9/15)             Temple (0/1) D:6            Lair (0/6) D:9
    Orc: D:9-12

Altars:
Ashenzari
Dithmenos
Elyvilon
Fedhas
Gozag
Hepliaklqana
Makhleb
Trog
Yredelemnul

Shops:
D:3 (   D:9 (


Innate Abilities, Weirdness & Mutations

You have a pair of horns on your head.
You reflexively headbutt those who attack you in melee.


Message History

The orange demon disappears in a puff of smoke!
The kobold demonologist mumbles some strange words.
The white imp gestures at you. You block the puff of frost.
The shadow imp grins evilly.
The kobold demonologist gestures wildly while chanting.
You block the kobold demonologist's attack.
The kobold demonologist looks encouraged for a moment.
The kobold demonologist looks encouraged for a moment.
The kobold demonologist casts a spell.
Your magical contamination has completely faded away.
You are starting to lose your buoyancy.
The kobold demonologist casts a spell.
The shadow imp disappears in a puff of smoke!
The white imp shouts, "Fly, thou lumpish earth-vexing horn-beast!"
You block the kobold demonologist's attack.
The white imp puffs mist at you.
The kobold demonologist casts a spell.
You block the white imp's attack. You block the rust devil's attack.
You float gracefully downwards.
The kobold demonologist mumbles some strange words.
The rust devil hits you!
* * * LOW HITPOINT WARNING * * *
The rust devil corrodes you!
You feel a little less clever now.
The soul eater draws from the surrounding life force!
* * * LOW HITPOINT WARNING * * *
The crimson imp closely misses you. You furiously retaliate!
You headbutt the crimson imp, but do no damage.
The white imp hits you.
* * * LOW HITPOINT WARNING * * *
The white imp freezes you.
* * * LOW HITPOINT WARNING * * *
The iron imp misses you. You furiously retaliate!
You headbutt the iron imp.
The kobold demonologist miscasts a cantrip.
The white imp grinds its teeth.
The iron imp hits you!
You die...
Your body crumbles into a pile of gold.

#########...##...........#
#...##...........#
#...##...........#
#...##...........#
#...##....########
#...##....# #...##....#
#....########
#.5@........#
#.555.......#
#K4.........#
#3.5.######.# #5K4K# #.#
#....# #.# #.K55# #.#
#....# #.# #....# #.#


You could see a soul eater (summoned), an ice devil (summoned), a rust devil
(summoned), 3 kobold demonologists, 2 iron imps, a crimson imp (summoned), 4
white imps, an ufetubus (summoned) and a kobold.

Vanquished Creatures
  Joseph (D:9)
  2 hornets
  3 steam dragons
  2 wargs (D:9)
  A water moccasin (D:7)
  3 orc warriors
  2 sky beasts
  An ice beast (D:7)
  3 black bears
  A necrophage (D:2)
  A centaur (D:4)
  5 ogres
  A phantom (D:6)
  3 kobold brigands
  A scorpion (D:4)
  2 bullfrogs (D:7)
  A wyvern zombie (D:8)
  A wyvern skeleton (D:7)
  8 killer bees
  A water moccasin skeleton (D:7)
  9 wights
  3 electric eels (D:7)
  A howler monkey (D:5)
  3 centaur zombies
  A centaur skeleton (D:4)
  A gnoll shaman (D:5)
  2 hounds
  A bullfrog skeleton (D:6)
  A jelly (D:5)
  7 orc priests
  2 iguanas (D:5)
  10 orc wizards
  A killer bee zombie (D:6)
  A hound skeleton (D:4)
  11 gnolls
  8 adders
  A howler monkey skeleton (D:7)
  A shadow imp (D:6)
  A white imp (D:5)
  3 ufetubi
  3 worms
  3 dart slugs
  30 orcs
  7 bats
  7 endoplasms
  A giant cockroach (D:1)
  9 goblins
  7 hobgoblins
  12 jackals
  4 quokkas
  4 ball pythons
  4 frilled lizards (D:1)
  16 kobolds
  2 rats
220 creatures vanquished.

Vanquished Creatures (collateral kills)
  An orc wizard (D:7)
  An orc (D:7)
2 creatures vanquished.

Vanquished Creatures (others)
  An orc warrior (D:7)
  A bullfrog skeleton (D:6)
  An orc (D:7)
  54 plants
57 creatures vanquished.

Grand Total: 279 creatures vanquished

Notes
Turn   | Place    | Note
-------+----------+-------------------------------------------
     0 | D:1      | unlimited1921 the Minotaur Fighter began the quest for the
                  | Orb.
     0 | D:1      | Reached XP level 1. HP: 19/19 MP: 0/0
   170 | D:1      | Reached XP level 2. HP: 27/27 MP: 1/1
   259 | D:1      | Found a faded altar of an unknown god.
   674 | D:1      | Reached XP level 3. HP: 30/33 MP: 2/2
  1307 | D:2      | Noticed a necrophage
  1318 | D:2      | Killed a necrophage
  1319 | D:2      | Reached XP level 4. HP: 41/41 MP: 3/3
  1319 | D:2      | Reached XP level 5. HP: 47/47 MP: 4/4
  2163 | D:3      | Found Neejuur's Antique Weapon Boutique.
  2556 | D:4      | Reached skill level 1 in Dodging
  2623 | D:4      | Reached skill level 5 in Armour
  2623 | D:4      | Reached XP level 6. HP: 55/55 MP: 5/5
  2630 | D:4      | Reached skill level 5 in Fighting
  2630 | D:4      | Reached skill level 5 in Shields
  2634 | D:4      | Reached skill level 5 in Axes
  2779 | D:4      | Reached skill level 1 in Maces & Flails
  2779 | D:4      | Reached XP level 7. HP: 61/61 MP: 6/6
  3226 | D:4      | Found a white marble altar of Elyvilon.
  3227 | D:4      | Found a blossoming altar of Fedhas.
  3425 | D:5      | Entered Level 5 of the Dungeon
  3880 | D:5      | Reached XP level 8. HP: 66/71 MP: 7/7
  3930 | D:5      | Found an opulent altar of Gozag.
  3951 | D:5      | Became a worshipper of Gozag Ym Sagoz the Greedy
  4418 | D:5      | Reached skill level 5 in Maces & Flails
  5291 | D:6      | Reached skill level 1 in Throwing
  5307 | D:6      | Reached XP level 9. HP: 64/79 MP: 8/8
  5624 | D:6      | Found a staircase to the Ecumenical Temple.
 11356 | D:7      | Found a bloodstained altar of Trog.
 11464 | D:7      | Found a hazy altar of Hepliaklqana.
 11467 | D:7      | Found a burning altar of Makhleb.
 11467 | D:7      | Found a shadowy altar of Dithmenos.
 11470 | D:7      | Found a basalt altar of Yredelemnul.
 14428 | D:8      | Reached XP level 10. HP: 90/90 MP: 9/9
 14757 | D:8      | Reached skill level 5 in Dodging
 14862 | D:8      | Found a broken altar of Ashenzari.
 14892 | D:8      | Reached skill level 1 in Stealth
 15257 | D:9      | Noticed Joseph
 15263 | D:9      | Found a staircase to the Lair.
 15273 | D:9      | Killed Joseph
 15530 | D:9      | Found Gifiv's Weapon Shoppe.
 15673 | D:9      | Noticed a sixfirhy
 15682 | D:9      | Lost intelligence.
 15684 | D:9      | Noticed a soul eater
 15686 | D:9      | Noticed a rust devil
 15693 | D:9      | Noticed an orange demon
 15711 | D:9      | Noticed a soul eater
 15714 | D:9      | Noticed a rust devil
 15717 | D:9      | Slain by an iron imp

Illustrated notes

Levels and vault maps discovered:
D:1:      dpeg_arrival_leaves_temple_mockup, layout_basic,
          hellmonk_ecumenical_altar_heavens_door, kennysheep_pointless_box,
          chequers_serial_rivers_small_b
D:2:      layout_loops_corners, minivault_26, minmay_misc_feat_five
D:3:      layout_loops_ring, serial_shops, nicolae_diamond_shop
D:4:      layout_basic, gammafunk_temple_overflow_statue,
          minmay_manual_mandibuliform
D:5:      layout_loops_ring, lemuel_doored_altar, minmay_starry_boxes
D:6:      cheibrodos_steamvent, layout_cave_pools,
          minmay_temple_entry_statues_pillars, chequers_serial_rivers_small_b,
          kennysheep_crisscross
D:7:      layout_loops_ring, grunt_temple_overflow_open,
          mainiacjoe_overflow_cross_hatched, serial_bayou, serial_bayou_pond_d,
          serial_bayou_lagoon_a, serial_bayou_lake_a, serial_bayou_pond_b
D:8:      layout_basic, nicolae_overflow_crystal_walls, feat_on_display
D:9:      layout_small_grid, erik_lair_orcish_takeover, david_orc_1_choice,
          serial_shops, shop_statue, uniq_harold, uniq_joseph

Skill      XL: |  1  2  3  4  5  6  7  8  9 10 |
---------------+-------------------------------+-----
Shields        | 4 5 7 8 |  8.5
Armour         | 4 5 6 7 |  7.3
Fighting       | 4 5 6 7 8 9 |  9.6
Axes           | 3 4 5 |  5.6
Dodging        | 1 2 4 5 |  5.7
Maces & Flails | 1 3 6 8 9 |  9.3
Throwing       | 1 2 |  2.5
Stealth        | 1 |  1.0
Crossbows      | |  0.5
Evocations     | |  0.6

Action                   |  1- 3 |  4- 6 |  7- 9 | 10-12 || total
-------------------------+-------+-------+-------+-------++-------
Melee: War axe           |    75 |    57 |       |       ||   132
       Headbutt          |    10 |    21 |    64 |    17 ||   112
       Flail             |       |    37 |   364 |   124 ||   525
Throw: Dart              |       |       |    28 |    12 ||    40
       Boomerang         |       |       |     7 |       ||     7
Evoke: Wand              |       |       |     9 |     2 ||    11
  Use: Scroll            |     2 |     1 |     5 |     3 ||    11
       Potion            |       |       |     3 |     6 ||     9
 Stab: Distracted        |       |       |     1 |       ||     1
Armor: Scale mail        |    35 |     5 |       |       ||    40
       Ring mail         |       |    22 |   123 |    52 ||   197
       Plate armour      |       |       |    12 |       ||    12
Dodge: Dodged            |    29 |    39 |   156 |    58 ||   282
Block: Kite shield       |    40 |    57 |   256 |   133 ||   486
